 Dungeon Crawl Stone Soup version 0.27-a0-1184-ge86db4a01e (webtiles) character file.

Game seed: 3496355441617324439

737 SkiChan the Skirmisher (level 7, 0/64 HPs)
             Began as a Minotaur Fighter on May 18, 2021.
             Was an Initiate of Gozag.
             Slain by a steam dragon (2 damage)
             ... on level 5 of the Dungeon.
             The game lasted 00:04:34 (4514 turns).

SkiChan the Skirmisher (Minotaur Fighter)           Turns: 4514, Time: 00:04:37

Health: 0/64       AC:  7    Str: 22    XL:     7   Next: 46%
Magic:  6/6        EV: 11    Int:  5    God:    Gozag
Gold:   233        SH: 10    Dex: 10    Spells: 6/6 levels left

rFire    . . .     SeeInvis .   a - +0 flail
rCold    . . .     Faith    .   c - +0 kite shield
rNeg     . . .     Spirit   .   b - +0 scale mail
rPois    .         Reflect  .   (helmet restricted)
rElec    .         Harm     .   (no cloak)
rCorr    .         Rampage  .   (no gloves)
Will     .....                  (no boots)
Stlth    ..........             (no amulet)
HPRegen  0.20/turn              r - +4 ring of evasion
MPRegen  0.10/turn              (no ring)

@: no status effects
A: horns 2, retaliatory headbutt
a: Renounce Religion, Potion Petition, Call Merchant, Bribe Branch


You were on level 5 of the Dungeon.
You worshipped Gozag.
Gozag was aware of your devotion.
You visited 1 branch of the dungeon, and saw 5 of its levels.

You collected 288 gold pieces.
You paid 55 gold pieces to Gozag.

Inventory:

Hand Weapons
 a - a +0 flail (weapon)
Missiles
 p - 2 throwing nets (quivered)
Armour
 b - a +0 scale mail (worn)
 c - a +0 kite shield (worn)
Jewellery
 r - a +4 ring of evasion (left hand)
Scrolls
 f - 2 scrolls of enchant armour {unknown}
 i - 3 scrolls of teleportation {unknown}
 k - a scroll of noise {unknown}
 m - 2 scrolls of amnesia {unknown}
 n - a scroll of identify {unknown}
 o - a scroll of enchant weapon {unknown}
 s - 4 scrolls of torment {unknown}
 t - a scroll of acquirement {unknown}
 u - a scroll of fear {unknown}
Potions
 e - a potion of haste {unknown}
 g - 5 potions of curing {unknown}
 h - 2 potions of degeneration {unknown}
 j - a potion of mutation {unknown}
 l - a potion of berserk rage {unknown}
 q - a potion of heal wounds {unknown}


   Skills:
 * Level 6.5 Fighting
 + Level 3.3(5.0) Axes
 * Level 5.7(6.2) Maces & Flails
 + Level 5.1 Armour
 + Level 5.2 Shields


You had 6 spell levels left.
You didn't know any spells.
Your spell library contained the following spells:

 Spells                   Type           Power      Damage    Failure   Level
 Animate Skeleton         Necr           0%         N/A       99%         1
 Apportation              Tloc           0%         N/A       99%         1
 Corona                   Hex            0%         N/A       99%         1
 Summon Small Mammal      Summ           0%         N/A       99%         1


Dungeon Overview and Level Annotations

Branches:
Dungeon (5/15)             Temple (0/1) D:4

Altars:
Ashenzari
Elyvilon
Gozag
Makhleb
Nemelex Xobeh
Okawaru

Shops:
D:2 (


Innate Abilities, Weirdness & Mutations

You have a pair of horns on your head.
You reflexively headbutt those who attack you in melee.


Message History

The bullfrog zombie misses you. The steam dragon breathes steam at you.
The ball of steam misses you.
You thump the bullfrog zombie!
You destroy the bullfrog zombie!
You are engulfed in a cloud of scalding steam.
You block the steam dragon's attack. The steam dragon barely misses you.
You closely miss the steam dragon. Your headbutt misses the steam dragon.
The steam dragon bites you. You block the steam dragon's attack.
You hit the steam dragon. You headbutt the steam dragon.
The steam dragon is moderately wounded.
You block the steam dragon's attack. The steam dragon closely misses you.
The steam dragon breathes steam at you. The ball of steam hits you!
You closely miss the steam dragon.
The steam dragon is moderately wounded.
You are engulfed in a cloud of scalding steam.
You block the steam dragon's attack.
The steam dragon claws you but does no damage.
You hit the steam dragon.
The steam dragon is heavily wounded.
You are engulfed in a cloud of scalding steam.
The steam dragon closely misses you. You furiously retaliate!
You headbutt the steam dragon. The steam dragon completely misses you.
You barely miss the steam dragon.
The steam dragon is severely wounded.
You are engulfed in a cloud of scalding steam.
The steam dragon breathes steam at you. The ball of steam hits you!
* * * LOW HITPOINT WARNING * * *
You hear a bark!
You barely miss the steam dragon.
The steam dragon is severely wounded.
You are engulfed in a cloud of scalding steam.
* * * LOW HITPOINT WARNING * * *
The steam dragon bites you!
* * * LOW HITPOINT WARNING * * *
The steam dragon claws you.
You die...
Your body crumbles into a pile of gold.

. $ #. ##. $# ... .# #..
#. #.## .# #..##§### .
#D@§§..### #. ##§.§§..$#
.#####..########...$.....
... .........##..#######.
..# ########.....# ## ..
..# #..#..######.##. ..#
#..##.......... .. <.#
#.###.........# ... ..#
#.........# ..##...


You could see a steam dragon (catching breath).

Vanquished Creatures
  The ghost of noodleboyJ the Skirmisher, an amateur DrWn (D:4)
  An ogre (D:4)
  Blork the orc (D:4)
  2 bullfrog zombies (D:5)
  2 hounds
  Natasha (thrice) (D:3)
  An iguana (D:2)
  4 gnolls (D:3)
  3 adders
  3 worms
  2 dart slugs
  8 ball pythons
  6 bats
  6 endoplasms
  5 giant cockroaches
  4 hobgoblins
  6 quokkas
  2 frilled lizards
  6 goblins
  10 kobolds
  5 rats
81 creatures vanquished.

Notes
Turn   | Place    | Note
-------+----------+-------------------------------------------
     0 | D:1      | SkiChan the Minotaur Fighter began the quest for the Orb.
     0 | D:1      | Reached XP level 1. HP: 19/19 MP: 0/0
   338 | D:1      | Reached XP level 2. HP: 27/27 MP: 1/1
   463 | D:1      | Found a faded altar of an unknown god.
   489 | D:1      | Reached skill level 4 in Fighting
   759 | D:1      | You fall into a shaft and drop 1 floor!
   768 | D:2      | Reached XP level 3. HP: 28/33 MP: 2/2
   781 | D:2      | Found an opulent altar of Gozag.
  1379 | D:2      | Found Bacets's Antique Weapon Shoppe.
  1534 | D:2      | Reached skill level 1 in Axes
  1615 | D:2      | Reached XP level 4. HP: 41/41 MP: 3/3
  1803 | D:3      | Reached XP level 5. HP: 34/47 MP: 4/4
  2175 | D:3      | Noticed Natasha
  2184 | D:3      | Killed Natasha
  2185 | D:3      | Reached skill level 5 in Fighting
  2836 | D:3      | Noticed Natasha
  2848 | D:3      | Killed Natasha
  3049 | D:4      | Found a sparkling altar of Nemelex Xobeh.
  3157 | D:4      | Noticed an ogre
  3163 | D:4      | Killed an ogre
  3164 | D:4      | Reached XP level 6. HP: 56/56 MP: 5/5
  3181 | D:4      | Found a runed translucent door.
  3266 | D:2      | Became a worshipper of Gozag Ym Sagoz the Greedy
  3277 | D:3      | Noticed Natasha
  3282 | D:3      | Killed Natasha
  3331 | D:4      | Found a staircase to the Ecumenical Temple.
  3445 | D:4      | Found a broken altar of Ashenzari.
  3461 | D:4      | Found a burning altar of Makhleb.
  3482 | D:4      | Noticed Blork the orc
  3495 | D:4      | Killed Blork the orc
  3496 | D:4      | Reached skill level 5 in Maces & Flails
  3794 | D:4      | Found a white marble altar of Elyvilon.
  3816 | D:4      | Found an iron altar of Okawaru.
  4075 | D:4      | Noticed noodleboyJ's ghost (amateur DrWn)
  4091 | D:4      | Killed noodleboyJ's ghost
  4092 | D:4      | Reached skill level 6 in Fighting
  4092 | D:4      | Reached skill level 5 in Armour
  4092 | D:4      | Reached skill level 5 in Shields
  4092 | D:4      | Reached XP level 7. HP: 9/64 MP: 6/6
  4391 | D:5      | Entered Level 5 of the Dungeon
  4504 | D:5      | Noticed a steam dragon
  4514 | D:5      | HP: 2/64 [steam dragon (8)]
  4514 | D:5      | Slain by a steam dragon

Illustrated notes

Levels and vault maps discovered:
D:1:      minmay_arrival_plants_in_alcoves, layout_basic,
          ebering_ecumenical_altar_petrified
D:2:      layout_loops_ring, serial_shops, shop, basic_altar
D:3:      minmay_wonky_spiral, layout_basic, serial_rivers,
          chequers_serial_rivers_marsh, chequers_serial_rivers_room_a,
          chequers_serial_rivers_room_b, chequers_serial_rivers_micro_d,
          chequers_serial_rivers_micro_e, chequers_serial_rivers_small_a,
          uniq_natasha
D:4:      layout_cave_pools, nicolae_overflow_quartered_altars,
          lemuel_doored_altar, minmay_temple_entry_sparse_star,
          ebering_ghost_reflecting_pool, kennysheep_generic_room_4,
          uniq_blork_the_orc
D:5:      layout_layer_cave, enter_ossuary_4, amcnicky_mini_pool_small,
          minivault_5, hangedman_decor_slide_cut, uniq_eustachio

Skill      XL: |  1  2  3  4  5  6 |
---------------+-------------------+-----
Fighting       | 4 5 6 |  6.5
Maces & Flails | 3 4 5 |  5.7
Shields        | 4 5 |  5.2
Armour         | 4 5 |  5.1
Axes           | 1 2 3 |  3.3

Action                   |  1- 3 |  4- 6 |  7- 9 || total
-------------------------+-------+-------+-------++-------
Melee: Flail             |    75 |   127 |    28 ||   230
       Headbutt          |    12 |    20 |     3 ||    35
  Use: Potion            |       |     1 |       ||     1
Armor: Scale mail        |    34 |    32 |    14 ||    80
Dodge: Dodged            |    21 |    46 |    15 ||    82
Block: Kite shield       |    36 |    76 |    12 ||   124

Table legend: (Time is in decaauts)
 A = Elapsed time spent in this place.
 B = Non-inter-level travel time spent in this place.
 C = Inter-level travel time spent in this place.
 D = Time resting spent in this place.
 E = Time spent auto-exploring this place.
 F = Levels seen in this place.
 G = Mean time per level.
                   A        B        C        D        E       F      G
               +--------+--------+--------+--------+--------+-----+--------+
         Total |   4616 |   4276 |    340 |    542 |   3188 |   5 |  923.2 |
       Dungeon |   4616 |   4276 |    340 |    542 |   3188 |   5 |  923.2 |
               +--------+--------+--------+--------+--------+-----+--------+

Top non-repeatable levels by time:
     D:3: 1390 daAuts
     D:4: 1298 daAuts
     D:1: 1043 daAuts
     D:2: 753 daAuts
     D:5: 130 daAuts
